[Event "Titled Tuesday Blitz November 15 Late 2022"]
[White "Mr_Penings"]
[Black "Ali Abdullahi, Farah"]
[BlackFideId "16100212"]
[WhiteElo "2667"]
[BlackElo "2326"]
[Result "1-0"]
[Round "01"]
[TimeControl "180+1"]
[Date "2022.11.16"]
[WhiteClock "0:00:47"]
[BlackClock "0:00:58"]

1. c4 e6 2. Nf3 d5 3. e3 c5 4. cxd5 exd5 5. d4 Nc6 6. Bb5 Nf6 7. O-O a6 8. Bxc6+ bxc6 9. b3 Bd6 10. dxc5 Bxc5 11. Bb2 Be7 12. Nc3 O-O 13. Rc1 Bd7 14. Na4 Re8 15. Qd4 Qa5 16. Qb6 Qb4 17. Bxf6 gxf6 18. Qxb4 Bxb4 19. Nb6 Ra7 20. Nxd7 Rxd7 21. Rxc6 a5 22. Rxf6 a4 23. bxa4 Ra8 24. Rb6 Rxa4 25. Rb1 Bc5 26. Rc6 Ba7 27. Rc2 d4 28. exd4 Bxd4 29. Nxd4 Rdxd4 30. g3 Ra3 31. Kg2 Rda4 32. Rbb2 Kg7 33. h4 h6 34. f3 Rd3 35. Rb7 Rda3 36. Rcc7 Rxa2+ 37. Kh3 Rd4 38. Rxf7+ Kg6 39. Rfc7 Rd6 40. g4 Rf6 41. Rg7# 1-0


[Site "https://www.chess.com"]

[Event "Titled Tuesday Blitz November 15 Late 2022"]
[White "Mustafayev, Farid"]
[Black "Ferriz Barrios, Andres"]
[WhiteFideId "13408771"]
[BlackFideId "5104467"]
[WhiteElo "2192"]
[BlackElo "2271"]
[Result "1-0"]
[Round "01"]
[TimeControl "180+1"]
[Date "2022.11.16"]
[WhiteClock "0:01:11"]
[BlackClock "0:01:05"]

1. d4 Nf6 2. c4 e5 3. dxe5 Ng4 4. Nf3 Nc6 5. Bf4 Bb4+ 6. Nbd2 Qe7 7. e3 Ngxe5 8. Nxe5 Nxe5 9. a3 Bxd2+ 10. Qxd2 O-O 11. Be2 d6 12. O-O Ng6 13. Bg3 Be6 14. Rac1 f5 15. Qc3 Rab8 16. c5 f4 17. exf4 Nxf4 18. Bxf4 Rxf4 19. cxd6 cxd6 20. Qe3 Rbf8 21. Qxa7 Kh8 22. Qe3 Qd7 23. f3 Bd5 24. Rfd1 Bc6 25. Rc4 Rxc4 26. Bxc4 Qf5 27. Qd3 Qc5+ 28. Qd4 Qg5 29. Qxd6 Re8 30. Qg3 Qe3+ 31. Qf2 Qf4 32. Bf1 h6 33. Qd4 Qg5 34. b4 Bxf3 35. Rd3 Bh5 36. Qd5 Qh4 37. Rh3 1-0


[Site "https://www.chess.com"]

[Event "Titled Tuesday Blitz November 15 Late 2022"]
[White "Nugumanov, Bakhtiyar"]
[Black "Espinosa, Pedro"]
[WhiteFideId "13701797"]
[BlackFideId "30921066"]
[WhiteElo "2287"]
[BlackElo "2016"]
[Result "1/2-1/2"]
[Round "01"]
[TimeControl "180+1"]
[Date "2022.11.16"]
[WhiteClock "0:00:04"]
[BlackClock "0:00:27"]

1. e4 c5 2. Nf3 d6 3. d4 cxd4 4. Nxd4 Nf6 5. Nc3 Nc6 6. Bg5 e6 7. Bb5 Bd7 8. Qd3 Be7 9. O-O-O Nxd4 10. Bxd7+ Nxd7 11. Bxe7 Kxe7 12. Qxd4 Qb6 13. Qd2 Rac8 14. Rhe1 Ne5 15. Qg5+ Kf8 16. Qe3 Qxe3+ 17. Rxe3 Ke7 18. Nb5 Rhd8 19. Nxa7 Ra8 20. Ra3 Nc4 21. Ra4 Nb6 22. Rb4 Rxa7 23. Rxb6 Rxa2 24. Rxb7+ Kf6 25. c3 g5 26. Kc2 h5 27. Rb6 Ke5 28. f3 Ra5 29. g3 h4 30. gxh4 gxh4 31. Rb4 Rg8 32. Rd2 Rg1 33. Rbd4 Ra6 34. R4d3 h3 35. f4+ Kxf4 36. Rxh3 Kxe4 37. Rhd3 d5 38. Rd4+ Ke5 39. Rh4 f5 40. Re2+ Kd6 41. Rh6 Kd7 42. Rh7+ Kd6 43. Rh6 Kc5 44. Rhxe6 Rxe6 45. Rxe6 Rg2+ 46. Kd3 Rxh2 47. b4+ Kb5 48. Re5 Kc6 49. Rxf5 Rh3+ 50. Kc2 Rh4 51. Rf6+ Kb5 52. Rf8 Kc4 53. Rc8+ Kb5 54. Rc5+ Kb6 55. Rxd5 Rg4 56. Rc5 Rh4 57. Kb3 Rg4 58. Rc4 Rg1 59. Rd4 Kb5 60. Rd5+ Kc6 61. Rf5 Rg6 62. Kc4 Rh6 63. Rf4 Rg6 64. Rd4 Kb6 65. b5 Rh6 66. Kb4 Rh1 67. Rd6+ Kc7 68. Kc5 Kb7 69. Rd5 Rh3 70. c4 Rh4 71. Rd7+ Kc8 72. Rd5 Kc7 73. b6+ Kb7 74. Rd7+ Kc8 75. Rc7+ Kb8 76. Kb5 Rh1 77. c5 Rh6 78. Rd7 Rh8 79. Rd6 Rh5 80. Rf6 Kc8 81. Kc6 Rh8 82. b7+ Kb8 83. Kb6 Rh6 84. Rc6 Rf6 85. Kb5 Rf1 86. Rb6 Rf5 87. Kc6 Rf6+ 88. Kb5 Rf5 89. Kc6 Rf6+ 90. Kb5 Rf5 1/2-1/2


[Site "https://www.chess.com"]

[Event "Titled Tuesday Blitz November 15 Late 2022"]
[White "Onslow, Alfie"]
[Black "Atanasov, Anthony"]
[WhiteFideId "436976"]
[BlackFideId "2623897"]
[WhiteElo "2015"]
[BlackElo "2048"]
[Result "1-0"]
[Round "01"]
[TimeControl "180+1"]
[Date "2022.11.16"]
[WhiteClock "0:00:19"]
[BlackClock "0:00:04"]

1. e4 c5 2. c3 Nf6 3. e5 Nd5 4. Nf3 Nc6 5. d4 cxd4 6. cxd4 d6 7. Bc4 Nb6 8. Bb5 dxe5 9. Nxe5 Bd7 10. Nxd7 Qxd7 11. O-O a6 12. Bxc6 bxc6 13. Nc3 e6 14. Be3 Nd5 15. Ne4 Bd6 16. Qg4 O-O 17. Nxd6 Qxd6 18. Bh6 g6 19. Bxf8 Rxf8 20. h4 h5 21. Qf3 Rb8 22. b3 Rb4 23. Rfd1 Nf4 24. g3 Nd5 25. Rac1 a5 26. Rc4 Kg7 27. Rdc1 Ne7 28. Qe4 Rb5 29. Rc5 Rb4 30. Qe5+ Qxe5 31. dxe5 a4 32. bxa4 Rxa4 33. R1c2 Nd5 34. Rxc6 Ra3 35. R6c4 Kh6 36. Kf1 g5 37. hxg5+ Kxg5 38. Kg2 Kf5 39. Re2 Ra8 40. a4 Ra5 41. Kf3 Nb6 42. Rf4+ Kg6 43. Ree4 Nd5 44. Rh4 Kg5 45. Rh1 Nc3 46. Reh4 Kg6 47. Rc1 Nd5 48. Rch1 Nc3 49. Rxh5 Rxa4 50. Rh6+ Kg7 51. Rh7+ Kf8 52. R1h4 Ra3 53. Kg2 Nd5 54. Rg4 Ra2 55. Rgg7 Ra7 56. Kh3 Rb7 57. Kh4 Ne7 58. Rxf7+ Ke8 59. Rxe7+ Rxe7 60. Rxe7+ Kxe7 61. Kg5 Kf7 62. f4 Kg7 63. g4 1-0


[Site "https://www.chess.com"]

[Event "Titled Tuesday Blitz November 15 Late 2022"]
[White "Osmak, Yuliia"]
[Black "Fernandez Hernandez, Gerardo"]
[WhiteFideId "14101602"]
[BlackFideId "2207400"]
[WhiteElo "2328"]
[BlackElo "2213"]
[Result "1-0"]
[Round "01"]
[TimeControl "180+1"]
[Date "2022.11.16"]
[WhiteClock "0:01:03"]
[BlackClock "0:00:01"]

1. d4 Nf6 2. c4 c5 3. d5 b5 4. a4 b4 5. Qc2 g6 6. e4 d6 7. f4 Bg7 8. Nf3 O-O 9. Bd3 e6 10. O-O exd5 11. cxd5 Bg4 12. Nbd2 Nbd7 13. Nc4 Qc7 14. e5 dxe5 15. d6 Qc6 16. fxe5 Nd5 17. Be4 N7b6 18. a5 Nxc4 19. Qxc4 Be6 20. Ng5 Bxe5 21. Rd1 Qxd6 22. Bxd5 Bd4+ 23. Rxd4 cxd4 24. Nxe6 fxe6 25. Bxa8 Rxa8 26. Bh6 d3 27. Rd1 Rd8 28. Bg5 Qd5 29. Qxd5 Rxd5 30. Be3 a6 31. Bb6 e5 32. Kf2 Kf7 33. Ke3 e4 34. Kxe4 Ke6 35. Rxd3 Re5+ 36. Kf3 Rf5+ 37. Ke2 Rh5 38. h3 Rg5 39. g4 h5 40. Kf3 hxg4+ 41. hxg4 Re5 42. Re3 Rxe3+ 43. Kxe3 Kd5 44. Kd3 g5 45. b3 Kc6 46. Kc4 1-0


[Site "https://www.chess.com"]

[Event "Titled Tuesday Blitz November 15 Late 2022"]
[White "Paiva, Henrique M A Albergaria"]
[Black "Nasuta, Grzegorz"]
[WhiteFideId "1920995"]
[BlackFideId "1141686"]
[WhiteElo "1953"]
[BlackElo "2440"]
[Result "0-1"]
[Round "01"]
[TimeControl "180+1"]
[Date "2022.11.16"]
[WhiteClock "0:00:06"]
[BlackClock "0:00:39"]

1. d4 d5 2. c4 e6 3. Nf3 c6 4. e3 Nf6 5. b3 Nbd7 6. Bb2 Bd6 7. Bd3 O-O 8. Nbd2 Qe7 9. Ne5 c5 10. O-O b6 11. Ndf3 Bb7 12. Qe2 Rac8 13. Rfd1 cxd4 14. exd4 Rfd8 15. Rac1 Ba3 16. Nxd7 Rxd7 17. Ne5 Rdc7 18. h3 Bxb2 19. Qxb2 Qd6 20. Bb1 Nd7 21. Qe2 dxc4 22. Bxh7+ Kf8 23. Be4 Bxe4 24. Qxe4 cxb3 25. Rxc7 Rxc7 26. Qa8+ Ke7 27. Nf3 b2 28. Qe4 Rc1 29. Rf1 b1=Q 0-1


[Site "https://www.chess.com"]

[Event "Titled Tuesday Blitz November 15 Late 2022"]
[White "Papasimakopoulos, Alexandros"]
[Black "Jarocka, Liwia"]
[WhiteFideId "4244125"]
[BlackFideId "21807558"]
[WhiteElo "2365"]
[BlackElo "1989"]
[Result "0-1"]
[Round "01"]
[TimeControl "180+1"]
[Date "2022.11.16"]
[WhiteClock "0:00:33"]
[BlackClock "0:00:11"]

1. d4 Nf6 2. c4 g6 3. Nc3 Bg7 4. Bg5 d6 5. e3 O-O 6. Be2 c5 7. d5 h6 8. Bh4 a6 9. a4 e6 10. Nf3 exd5 11. cxd5 Re8 12. Nd2 Qc7 13. O-O Nbd7 14. Bg3 h5 15. Nc4 Bf8 16. a5 Rb8 17. Na4 Ne4 18. Rb1 Nxg3 19. hxg3 Ne5 20. Ncb6 Bg7 21. Qc2 Bf5 22. e4 Bd7 23. Nxd7 Nxd7 24. b4 b5 25. axb6 Nxb6 26. bxc5 Nxa4 27. Qxa4 dxc5 28. Rfd1 Bd4 29. Bf3 Qxg3 30. Qa2 Qf4 31. Qxa6 h4 32. Qd3 h3 33. gxh3 Rxb1 34. Rxb1 Qg3+ 35. Kh1 Qxh3+ 36. Kg1 Qg3+ 37. Kh1 Qh4+ 38. Kg2 Qxf2+ 39. Kh1 Kg7 40. Bg4 Rh8+ 41. Bh3 Qf4 42. Rf1 Qh4 43. Kg2 Qg5+ 44. Kh1 Qh5 45. Kg2 Qg5+ 46. Qg3 Qxg3+ 47. Kxg3 Re8 48. Kf3 f6 49. Rb1 Re7 50. d6 Re8 51. Rb7+ Kf8 52. Rh7 f5 53. exf5 gxf5 54. Bxf5 Rd8 55. Rh8+ Bxh8 56. d7 Bf6 57. Ke4 Ke7 58. Kd5 Bd4 59. Bg4 Rxd7+ 60. Bxd7 Kxd7 61. Kc4 Kc7 62. Kd5 Kb6 63. Kc4 Kc6 64. Kb3 Kb5 65. Kc2 c4 66. Kb1 Kb4 67. Ka2 c3 68. Kb1 Be3 69. Ka2 Kc4 70. Kb1 Kd3 71. Ka2 Bg1 72. Kb3 c2 73. Kb2 Kd2 74. Ka2 c1=Q 75. Kb3 Qc3+ 76. Ka2 Qb4 77. Ka1 Bd4+ 78. Ka2 Qb2# 0-1


[Site "https://www.chess.com"]

[Event "Titled Tuesday Blitz November 15 Late 2022"]
[White "Peatman, Carter"]
[Black "Steinberg, Nitzan"]
[WhiteFideId "2096480"]
[BlackFideId "2801795"]
[WhiteElo "2479"]
[BlackElo "2491"]
[Result "0-1"]
[Round "01"]
[TimeControl "180+1"]
[Date "2022.11.16"]
[WhiteClock "0:00:04"]
[BlackClock "0:00:47"]

1. d4 Nf6 2. Bf4 g6 3. e3 Bg7 4. Nf3 O-O 5. h3 d6 6. c3 b6 7. Bh2 Bb7 8. a4 a6 9. Be2 Nbd7 10. O-O c5 11. Qb3 Qc7 12. Nbd2 Rac8 13. Rfd1 Qb8 14. Rac1 Rfe8 15. Qa3 Qa8 16. b4 Ne4 17. Nxe4 Bxe4 18. Ne1 c4 19. f3 Bb7 20. e4 e5 21. d5 f5 22. Ra1 Nf6 23. exf5 gxf5 24. Qa2 Bxd5 25. Nc2 f4 26. b5 a5 27. Kh1 Red8 28. Bg1 Qb7 29. Na3 Qc7 30. Rxd5 Nxd5 31. Bxc4 Kh8 32. Bxd5 Bf6 33. Be6 Rb8 34. c4 e4 35. Rd1 e3 36. Qc2 Be5 37. Qf5 Rf8 38. Qg4 Rf6 39. Bd5 Rg6 40. Qf5 Qg7 41. g4 fxg3 42. Kg2 Rf8 43. Qe4 Rgf6 44. Nc2 Rf4 45. Qd3 Rh4 46. Bxe3 Qd7 47. Rh1 Rf5 48. f4 Bxf4 49. Bf3 h5 50. Bd4+ Be5 51. Bxe5+ Rxe5 52. Re1 Qxh3+ 53. Kg1 Qh2+ 54. Kf1 Qf2# 0-1


[Site "https://www.chess.com"]

[Event "Titled Tuesday Blitz November 15 Late 2022"]
[White "Pham, Khoi"]
[Black "Rasulov, Vugar"]
[WhiteFideId "1054988"]
[BlackFideId "13402390"]
[WhiteElo "2472"]
[BlackElo "2509"]
[Result "0-1"]
[Round "01"]
[TimeControl "180+1"]
[Date "2022.11.16"]
[WhiteClock "0:00:55"]
[BlackClock "0:01:46"]

1. e4 e5 2. Nf3 Nc6 3. Bb5 a6 4. Ba4 Nf6 5. O-O Be7 6. d3 b5 7. Bb3 d6 8. c3 O-O 9. a4 Bb7 10. Bg5 Na5 11. Ba2 c5 12. Nbd2 Nd7 13. Be3 Kh8 14. b4 cxb4 15. cxb4 Nc6 16. Bd5 Nf6 17. Qb3 Nxd5 18. exd5 Nb8 19. Rfc1 Nd7 20. Rc2 Nf6 21. Rac1 Bxd5 22. Qb2 bxa4 23. Nc4 Rb8 24. Qa3 Bxf3 25. gxf3 Nd5 26. Qxa4 Nxb4 27. Rc3 f5 28. Na5 Bg5 29. Rb3 Bxe3 30. fxe3 Qg5+ 31. Kf2 Nd5 32. Nc4 f4 33. e4 Ne3 34. Rxb8 Rxb8 35. Nxe3 fxe3+ 36. Ke2 Rb2+ 37. Rc2 Rxc2+ 38. Qxc2 Qg2+ 39. Kd1 Qf1# 0-1


[Site "https://www.chess.com"]

[Event "Titled Tuesday Blitz November 15 Late 2022"]
[White "Pichot, Alan"]
[Black "Silva Lucena, Cristian"]
[WhiteFideId "110973"]
[BlackFideId "2232588"]
[WhiteElo "2560"]
[BlackElo "2223"]
[Result "1/2-1/2"]
[Round "01"]
[TimeControl "180+1"]
[Date "2022.11.16"]
[WhiteClock "0:00:39"]
[BlackClock "0:00:18"]

1. Nf3 Nf6 2. c3 g6 3. g3 Bg7 4. Bg2 O-O 5. O-O d6 6. d4 c5 7. d5 b5 8. a4 bxa4 9. Rxa4 Bb7 10. c4 Nbd7 11. b3 Nb6 12. Ra2 a5 13. Nc3 Nfd7 14. Bd2 a4 15. Nxa4 Nxa4 16. Rxa4 Rxa4 17. bxa4 Qa8 18. a5 Ba6 19. Qa4 Ne5 20. Nxe5 Bxe5 21. Rb1 Rb8 22. Rxb8+ Qxb8 23. Be4 Qb2 24. Bh6 Qa1+ 25. Qxa1 Bxa1 26. Bg5 Kf8 27. Bd3 Bc3 28. e4 Bxa5 29. f4 f6 30. Bh6+ Kf7 31. Kf2 Bc3 32. Kf3 Bc8 33. g4 Bd7 34. h4 Ba4 35. h5 Bd1+ 36. Kg3 Be1+ 37. Kh3 gxh5 38. gxh5 Bxh5 39. e5 fxe5 40. fxe5 dxe5 41. Bxh7 Be2 42. Be3 Bb4 43. Be4 Bxc4 44. Kg4 Be2+ 45. Kf5 c4 46. Kxe5 Bc3+ 47. Bd4 Bd2 48. Bc2 Bd3 49. Bxd3 cxd3 50. Ke4 Bb4 51. Kxd3 e6 52. Bc5 Bxc5 53. dxe6+ Kxe6 1/2-1/2


[Site "https://www.chess.com"]

[Event "Titled Tuesday Blitz November 15 Late 2022"]
[White "Player, Edmund C"]
[Black "Kuzmicz, Krystian"]
[WhiteFideId "406520"]
[BlackFideId "1119125"]
[WhiteElo "2103"]
[BlackElo "2380"]
[Result "0-1"]
[Round "01"]
[TimeControl "180+1"]
[Date "2022.11.16"]
[WhiteClock "0:00:56"]
[BlackClock "0:02:10"]

1. e4 c5 2. Nf3 e6 3. d4 cxd4 4. Nxd4 Nf6 5. Bd3 Nc6 6. Nxc6 bxc6 7. O-O d5 8. Nd2 Be7 9. Qe2 O-O 10. b3 Nd7 11. Bb2 Nc5 12. Qg4 g6 13. e5 a5 14. a4 Nxd3 15. cxd3 Ba6 16. Qg3 Rb8 17. Bd4 c5 18. Be3 Bxd3 19. Bh6 Bxf1 20. Bxf8 Bxf8 21. Nxf1 Qb6 22. Rb1 c4 23. Ne3 cxb3 24. Ng4 Bg7 25. Nf6+ Bxf6 26. exf6 b2 27. Qg5 Qc5 28. Qe5 Qc1+ 0-1


[Site "https://www.chess.com"]

[Event "Titled Tuesday Blitz November 15 Late 2022"]
[White "Poliakova, Varvara"]
[Black "Bortnyk, Olexandr"]
[WhiteFideId "13518313"]
[BlackFideId "14120828"]
[WhiteElo "2099"]
[BlackElo "2723"]
[Result "0-1"]
[Round "01"]
[TimeControl "180+1"]
[Date "2022.11.15"]
[WhiteClock "0:00:50"]
[BlackClock "0:01:22"]

1. e4 Nf6 2. e5 Nd5 3. c4 Nb6 4. d4 d6 5. exd6 exd6 6. Nf3 Be7 7. Be3 O-O 8. Nc3 Nc6 9. Be2 Bg4 10. h3 Bxf3 11. gxf3 Bf6 12. Qd2 d5 13. c5 Nc4 14. Bxc4 dxc4 15. O-O-O Nb4 16. Kb1 Qd7 17. Ne4 Nd5 18. h4 Qf5 19. Qe2 b5 20. h5 Rfe8 21. Ka1 a5 22. Rdg1 Ra6 23. Rg3 a4 24. Qc2 a3 25. Rhg1 axb2+ 26. Kxb2 Rxa2+ 27. Kxa2 Nb4+ 28. Kb2 Nxc2 29. Kxc2 Rxe4 30. fxe4 Qxe4+ 31. Kc3 Qd3+ 32. Kb2 Qb3+ 0-1


[Site "https://www.chess.com"]

[Event "Titled Tuesday Blitz November 15 Late 2022"]
[White "Premnath, R."]
[Black "Quispe Santacruz, Javier"]
[WhiteFideId "5021928"]
[BlackFideId "3800920"]
[WhiteElo "2555"]
[BlackElo "1930"]
[Result "1-0"]
[Round "01"]
[TimeControl "180+1"]
[Date "2022.11.16"]
[WhiteClock "0:01:31"]
[BlackClock "0:00:08"]

1. d4 Nf6 2. c4 g6 3. Nc3 Bg7 4. e4 e6 5. Be2 d6 6. Nf3 Nbd7 7. O-O e5 8. dxe5 dxe5 9. h3 O-O 10. Be3 Qe7 11. Qc2 Re8 12. Nd5 Nxd5 13. cxd5 c5 14. dxc6 bxc6 15. Qxc6 Rb8 16. b3 Bb7 17. Qa4 Nc5 18. Bxc5 Qxc5 19. Rac1 Qb6 20. Rfd1 Rbc8 21. Bc4 Bc6 22. Bxf7+ Kxf7 23. Qc4+ Bd5 24. Qxd5+ Qe6 25. Qb7+ Kg8 26. Ng5 Rxc1 27. Rxc1 Qf6 28. Qd5+ Kh8 29. Nf7+ Kg8 30. Nd6+ Re6 31. Rc8+ Bf8 32. Re8 Kg7 33. Rxe6 1-0


[Site "https://www.chess.com"]

[Event "Titled Tuesday Blitz November 15 Late 2022"]
[White "Przybylski, Wojciech"]
[Black "Gerbelli Neto, Eduardo"]
[WhiteFideId "1117599"]
[BlackFideId "2103281"]
[WhiteElo "2221"]
[BlackElo "2178"]
[Result "1-0"]
[Round "01"]
[TimeControl "180+1"]
[Date "2022.11.16"]
[WhiteClock "0:00:35"]
[BlackClock "0:00:06"]

1. e4 e5 2. Nf3 Nc6 3. d4 exd4 4. Nxd4 Bc5 5. Nxc6 Qf6 6. Qf3 dxc6 7. Nc3 Qxf3 8. gxf3 Ne7 9. Be3 Bxe3 10. fxe3 Be6 11. Rg1 g6 12. O-O-O Rd8 13. Bd3 O-O 14. b3 b5 15. Ne2 a5 16. h4 a4 17. b4 Bxa2 18. Nd4 Be6 19. Nxe6 fxe6 20. f4 Kh8 21. h5 Rg8 22. Rg5 gxh5 23. Rxh5 Rg7 24. Rdh1 Rdg8 25. Kb2 Ng6 26. Rc5 Ne7 27. Re5 Rg3 28. Rxe6 R8g7 29. f5 Rf7 30. Re1 Kg8 31. Kc3 Kf8 32. Kd4 h5 33. Rh6 Rg4 34. Kc3 h4 35. Rh1 Ng8 36. R6xh4 Nf6 37. Rh8+ Ke7 38. R8h4 Rfg7 39. e5 Nd5+ 40. Kd2 Rg2+ 41. Be2 R7g3 42. Rh7+ Kf8 43. Rh8+ Kf7 44. R1h7+ Rg7 45. c3 1-0


[Site "https://www.chess.com"]

[Event "Titled Tuesday Blitz November 15 Late 2022"]
[White "Pultinevicius, Paulius"]
[Black "Papayan, Oleg"]
[WhiteFideId "12809390"]
[BlackFideId "4193911"]
[WhiteElo "2493"]
[BlackElo "2153"]
[Result "1-0"]
[Round "01"]
[TimeControl "180+1"]
[Date "2022.11.16"]
[WhiteClock "0:00:05"]
[BlackClock "0:00:06"]

1. d4 Nf6 2. c4 e6 3. Nf3 d5 4. Qc2 dxc4 5. Qxc4 a6 6. Qc2 c5 7. dxc5 Qa5+ 8. Bd2 Qxc5 9. Nc3 Nc6 10. e3 Be7 11. Be2 O-O 12. O-O b5 13. Rac1 Bb7 14. Qb1 Qb6 15. Rfd1 Rfd8 16. Ng5 h6 17. Nge4 Rd7 18. Nxf6+ Bxf6 19. Ne4 Be7 20. Bc3 Rad8 21. Rxd7 Rxd7 22. Ng3 b4 23. Be1 a5 24. Qc2 Ne5 25. Nf1 Ng6 26. Kh1 Nh4 27. f3 Nf5 28. Bf2 Bh4 29. Bg1 Qd6 30. Bb5 Rd8 31. e4 Nd4 32. Bxd4 Qxd4 33. Qc7 Rc8 34. Qf4 Bg5 35. Rxc8+ Bxc8 36. Qc7 Qd1 37. Qxc8+ Kh7 38. Qc4 Qe1 39. b3 Be7 40. Qe2 Qb1 41. g3 Bf6 42. Kg2 Bb2 43. Bd3 Qxa2 44. e5+ g6 45. Qc2 Qa3 46. f4 Bd4 47. h4 Qa1 48. h5 Kg7 49. hxg6 fxg6 50. Bxg6 Qe1 51. Bh5 a4 52. Qg6+ Kf8 53. Qf7# 1-0


[Site "https://www.chess.com"]

[Event "Titled Tuesday Blitz November 15 Late 2022"]
[White "Reprintsev, Alexander"]
[Black "Grigorov, Grigor"]
[WhiteFideId "14100541"]
[BlackFideId "2907313"]
[WhiteElo "2230"]
[BlackElo "2510"]
[Result "0-1"]
[Round "01"]
[TimeControl "180+1"]
[Date "2022.11.16"]
[WhiteClock "0:00:20"]
[BlackClock "0:01:11"]

1. e4 c6 2. Nc3 d5 3. Nf3 dxe4 4. Nxe4 Nf6 5. Qe2 Nxe4 6. Qxe4 Be6 7. Be2 Nd7 8. O-O Nf6 9. Qa4 g6 10. d3 Bg7 11. Be3 O-O 12. Nd4 Bd7 13. Qb3 c5 14. Nf3 b6 15. Rfe1 Bc6 16. Ne5 Bd5 17. c4 Bb7 18. Rad1 Nd7 19. Bf3 Bxf3 20. Nxf3 e5 21. Nd2 f5 22. f4 Qc7 23. fxe5 Nxe5 24. d4 Ng4 25. Nf1 Nxe3 26. Nxe3 Bxd4 27. Kh1 Rae8 28. Nd5 Qf7 29. Qf3 Rxe1+ 30. Rxe1 Re8 31. Re2 Bxb2 32. h4 Bd4 33. h5 Re6 34. g3 g5 35. Rh2 Re1+ 36. Kg2 Rg1+ 0-1


[Site "https://www.chess.com"]

[Event "Titled Tuesday Blitz November 15 Late 2022"]
[White "Riehle, Marco"]
[Black "Sonnenschein, Philipp"]
[WhiteFideId "12904392"]
[BlackFideId "16250877"]
[WhiteElo "2462"]
[BlackElo "2225"]
[Result "1-0"]
[Round "01"]
[TimeControl "180+1"]
[Date "2022.11.16"]
[WhiteClock "0:01:31"]
[BlackClock "0:00:54"]

1. e4 c5 2. a3 Nc6 3. b4 e6 4. b5 Nd4 5. c3 Nxb5 6. Bxb5 Nf6 7. d3 a6 8. Ba4 b5 9. Bc2 d5 10. e5 Nd7 11. Nf3 Be7 12. O-O O-O 13. d4 f6 14. exf6 Bxf6 15. Re1 Re8 16. Qd3 Nf8 17. Bf4 Ng6 18. Be5 Bd7 19. Bxf6 Qxf6 20. Ne5 Rf8 21. f3 Rad8 22. Nxg6 hxg6 23. Qxg6 Qh4 24. Qg3 Qh6 25. Qe5 Rf4 26. Nd2 cxd4 27. cxd4 Rc8 28. Rac1 Rcf8 29. Nf1 g5 30. h3 R8f6 31. Bd3 Be8 32. Rc8 Kf8 33. Qd6+ Kf7 34. Qd8 Kg8 35. Qxe8+ Kg7 36. Rc7+ Rf7 37. Rxf7+ Rxf7 38. Rxe6 Qxe6 39. Qxe6 Kh8 40. Qxf7 g4 41. Qh7# 1-0


[Site "https://www.chess.com"]

[Event "Titled Tuesday Blitz November 15 Late 2022"]
[White "Rodriguez Santiago, Jaime"]
[Black "Martinovici, Ilia"]
[WhiteFideId "3100898"]
[BlackFideId "13907034"]
[WhiteElo "2025"]
[BlackElo "2306"]
[Result "0-1"]
[Round "01"]
[TimeControl "180+1"]
[Date "2022.11.16"]
[WhiteClock "0:00:04"]
[BlackClock "0:00:32"]

1. c4 Nf6 2. g3 e6 3. Nc3 d5 4. d4 Be7 5. Bg2 O-O 6. Nf3 c6 7. O-O Nbd7 8. b3 a5 9. Bb2 b6 10. Re1 Ba6 11. cxd5 cxd5 12. e4 dxe4 13. Nxe4 Nxe4 14. Rxe4 Bb7 15. Re1 Nf6 16. a3 Rc8 17. Qe2 Bd5 18. Nd2 Rc2 19. Rab1 Bxg2 20. Kxg2 Qd5+ 21. Kg1 Rfc8 22. Qd3 a4 23. b4 Qa2 24. Bc1 R8c3 25. Qa6 Rxd2 26. Bxd2 Qxd2 27. Rbd1 Qb2 28. d5 Ng4 29. Re2 Rc2 30. d6 Rxe2 31. dxe7 Re1+ 32. Kg2 Qxf2+ 33. Kh3 Qxh2+ 34. Kxg4 f5+ 35. Kf3 Qh1+ 36. Kf4 Qe4+ 0-1


[Site "https://www.chess.com"]

[Event "Titled Tuesday Blitz November 15 Late 2022"]
[White "Rorrer, Grayson"]
[Black "Can, Melih Kaan"]
[WhiteFideId "30944996"]
[BlackFideId "6317383"]
[WhiteElo "2130"]
[BlackElo "2010"]
[Result "0-1"]
[Round "01"]
[TimeControl "180+1"]
[Date "2022.11.16"]
[WhiteClock "0:00:03"]
[BlackClock "0:00:18"]

1. e4 c5 2. Nf3 Nc6 3. Bb5 d6 4. O-O Bd7 5. Re1 Nf6 6. c3 a6 7. Bf1 Bg4 8. d4 cxd4 9. cxd4 e5 10. d5 Nd4 11. Be3 Nxf3+ 12. gxf3 Bd7 13. Nd2 Be7 14. Qb3 b5 15. a4 bxa4 16. Qa3 O-O 17. Nc4 Rb8 18. Be2 Rb3 19. Qa2 Nh5 20. Bd1 Rb4 21. Bd2 Rb8 22. Bxa4 Bg5 23. Bxd7 Bxd2 24. Nxd2 Qxd7 25. Qxa6 Rxb2 26. Nc4 Rc2 27. Qxd6 Qh3 28. Ne3 Nf4 29. Qxe5 Qxf3 30. Qxf4 Qxf4 31. Nxc2 Qg4+ 32. Kh1 Qf3+ 33. Kg1 Rc8 34. Nd4 Qg4+ 35. Kh1 h5 36. f3 Qf4 37. Rad1 h4 38. Re2 h3 39. Rg1 Rc4 0-1


[Site "https://www.chess.com"]

[Event "Titled Tuesday Blitz November 15 Late 2022"]
[White "Rose, Felix"]
[Black "Proleiko, Julian"]
[WhiteFideId "5105722"]
[BlackFideId "30900255"]
[WhiteElo "2039"]
[BlackElo "2127"]
[Result "0-1"]
[Round "01"]
[TimeControl "180+1"]
[Date "2022.11.16"]
[WhiteClock "0:00:10"]
[BlackClock "0:00:27"]

1. d4 d5 2. Nf3 Nf6 3. Bf4 e6 4. e3 Bd6 5. Ne5 O-O 6. Bd3 b6 7. Nd2 Bb7 8. h4 c5 9. c3 Qc7 10. Qf3 Nbd7 11. Qg3 Nh5 12. Qg5 Nxf4 13. exf4 h6 14. Qg3 Nf6 15. h5 cxd4 16. cxd4 Bb4 17. Qe3 Rac8 18. f3 Nd7 19. Kf2 Nxe5 20. fxe5 f6 21. exf6 Rxf6 22. Nb3 Qf4 23. Qxf4 Rxf4 24. Ke3 Rcf8 25. Rac1 Bd6 26. Rc3 e5 27. Rc2 exd4+ 28. Kf2 a5 29. Nc1 Bc5 30. Ne2 R4f6 31. a3 a4 32. Rh4 Bc8 33. Kg3 Bf5 34. Bxf5 Rxf5 35. Nxd4 Rg5+ 36. Kh3 Bd6 37. Rc6 Rg3+ 38. Kh2 Rg4+ 39. Rxd6 Rxh4+ 40. Kg3 Rxd4 41. Rxb6 Rd2 42. Rb4 d4 43. Rxa4 d3 44. Rd4 Rf5 45. Kg4 Rg5+ 46. Kf4 Rgxg2 47. b4 Rg5 48. a4 Ra2 49. Rxd3 Rxa4 50. Rb3 Rxh5 51. Ke3 Rb5 52. Kd3 Rbxb4 0-1


[Site "https://www.chess.com"]

[Event "Titled Tuesday Blitz November 15 Late 2022"]
[White "Rosenberg, Evan S"]
[Black "Yuan, Qingyu"]
[WhiteFideId "2019299"]
[BlackFideId "8609772"]
[WhiteElo "2376"]
[BlackElo "2359"]
[Result "0-1"]
[Round "01"]
[TimeControl "180+1"]
[Date "2022.11.16"]
[WhiteClock "0:00:04"]
[BlackClock "0:00:35"]

1. d4 d5 2. Nf3 Nf6 3. c3 e6 4. Bf4 Bd6 5. e3 O-O 6. Nbd2 c5 7. Bg3 Qc7 8. Bd3 Nbd7 9. e4 cxd4 10. cxd4 dxe4 11. Nxe4 Nxe4 12. Bxe4 Qa5+ 13. Kf1 Nf6 14. Bc2 Bd7 15. Kg1 Qb6 16. Be5 Be7 17. Qd3 Bb5 18. Qd2 h6 19. h4 Bc6 20. Ng5 Rfd8 21. Bxf6 Bxf6 22. Bh7+ Kf8 23. Qc2 hxg5 24. hxg5 Bxg5 25. Re1 Qxd4 26. Bf5 Bh6 27. Bxe6 fxe6 28. Rxh6 gxh6 29. Qg6 Qg7 30. Qxe6 Qxg2# 0-1


[Site "https://www.chess.com"]

[Event "Titled Tuesday Blitz November 15 Late 2022"]
[White "Sabuk, Piotr"]
[Black "Prydun, Andriy"]
[WhiteFideId "1137565"]
[BlackFideId "14145898"]
[WhiteElo "2326"]
[BlackElo "2163"]
[Result "0-1"]
[Round "01"]
[TimeControl "180+1"]
[Date "2022.11.16"]
[WhiteClock "0:00:02"]
[BlackClock "0:01:59"]

1. d4 Nf6 2. c4 e6 3. Nf3 b6 4. e3 Bb7 5. Bd3 c5 6. O-O Be7 7. Nc3 cxd4 8. exd4 d6 9. d5 e5 10. Nh4 O-O 11. Nf5 Nbd7 12. Bg5 Nxd5 13. Bxe7 Nxe7 14. Nxd6 Bc6 15. Qh5 g6 16. Qh4 Nc5 17. Rad1 Qxd6 18. Be4 Qe6 19. Bd5 Bxd5 20. cxd5 Nf5 21. Qg5 Qe7 22. Qd2 Nd6 23. b4 Nd7 24. Rfe1 Rac8 25. Re3 f5 26. Rh3 e4 27. Qd4 Qf6 0-1


[Site "https://www.chess.com"]